 Dungeon Crawl Stone Soup version 0.29-a0-90-gc37658a0fe (webtiles) character file.

Game seed: 541018946552091081

463 lordive the Ruffian (level 6, 0/59 HPs)
             Began as a Troll Warper on Feb 7, 2022.
             Slain by Eustachio (8 damage)
             ... on level 5 of the Dungeon.
             The game lasted 00:03:24 (1582 turns).

lordive the Ruffian (Troll Warper)                  Turns: 1582, Time: 00:03:26

Health: 0/59       AC:  5    Str: 20    XL:     6   Next: 79%
Magic:  7/7        EV: 10    Int: 11    God:
Gold:   91         SH:  0    Dex:  9    Spells: 7/7 levels left

rFire   . . .      SeeInvis .     - Unarmed
rCold   . . .      Faith    .   (no shield)
rNeg    . . .      Spirit   .   a - +0 robe
rPois   .          Reflect  .   (helmet restricted)
rElec   .          Harm     .   i - +0 cloak
rCorr   .          Rampage  .   (gloves unavailable)
Will    .....                   (boots unavailable)
Stlth   +.........              (no amulet)
HPRegen 0.99/turn               (no ring)
MPRegen 0.10/turn               (no ring)

@: mighty, hasted, very quick
A: large, unfitting armour, claws 3, regeneration 1, shaggy fur 1, tough skin 1
a: no special abilities


You were on level 5 of the Dungeon.
You visited 1 branch of the dungeon, and saw 5 of its levels.

You collected 91 gold pieces.

Inventory:

Missiles
 c - 4 boomerangs of dispersal
 k - 6 curare-tipped darts (quivered)
Armour
 a - a +0 robe (worn)
 i - a +0 cloak (worn)
Scrolls
 b - 2 scrolls of blinking
 e - 3 scrolls of identify {unknown}
 f - a scroll of torment {unknown}
 g - a scroll of enchant weapon {unknown}
 h - 2 scrolls of noise {unknown}
 l - a scroll of amnesia {unknown}
 m - a scroll of enchant armour {unknown}


   Skills:
 + Level 2.4 Fighting
 + Level 1.1 Throwing
 + Level 3.0 Dodging
 + Level 0.8 Stealth
 + Level 4.8 Unarmed Combat
 + Level 1.3 Spellcasting
 * Level 3.3 Translocations


You had 7 spell levels left.
You didn't know any spells.
Your spell library contained the following spells:

 Spells                   Type           Power      Damage    Failure   Level
 Blink                    Tloc           16%        N/A       12%         2
 Gell's Gravitas          Tloc           8%         N/A       24%         3
 Lesser Beckoning         Tloc           8%         N/A       24%         3
 Teleport Other           Tloc           8%         N/A       24%         3
 Foxfire                  Conj/Fire      0%         2x1d4     30%         1
 Summon Small Mammal      Summ           0%         N/A       30%         1
 Call Canine Familiar     Summ           0%         N/A       67%         3
 Conjure Flame            Conj/Fire      0%         6-21      67%         3
 Inner Flame              Hex/Fire       0%         N/A       67%         3
 Summon Guardian Golem    Hex/Summ       0%         N/A       67%         3
 Tukima's Dance           Hex            0%         N/A       67%         3
 Manifold Assault         Tloc           8%         N/A       91%         5
 Anguish                  Hex/Necr       0%         N/A       97%         4
 Flame Wave               Conj/Fire      0%         2d4       97%         4
 Enfeeble                 Hex            0%         N/A       100%        7


Dungeon Overview and Level Annotations

Branches:
Dungeon (6/15)
 Temple: D:4-7

Altars:

Annotations:
D:5 Eustachio


Innate Abilities, Weirdness & Mutations

You are too large for most types of armour.
You have claws for hands.
Your natural rate of healing is unusually fast.
You are covered in fur. (AC +1)
You have tough skin. (AC +1)


Message History

It was a potion of haste.
You feel yourself speed up.
You feel sick. The bat closely misses you.
The shadow imp summons a swarm of flies.
The shadow imp closely misses you.
You claw the shadow imp!
You kill the shadow imp!
The shadow imp disappears in a puff of smoke!
The bat hits you but does no damage.
You claw the quasit!
The quasit is severely wounded.
You feel sick.
The quasit bites you but does no damage.
The quasit claws you.
* * * LOW HITPOINT WARNING * * *
The quasit barely misses you.
You scratch the quasit.
The quasit is almost dead.
You feel sick. The bat hits you but does no damage.
You miss the quasit.
The quasit is almost dead.
Eustachio mumbles some strange words.
The quasit bites you but does no damage.
The quasit barely misses you.
The quasit claws you but does no damage.
You miss the quasit.
The quasit is almost dead.
You feel sick.
The quasit disappears in a puff of smoke!
The bat barely misses you.
You claw Eustachio!
Eustachio is heavily wounded.
The bat barely misses you.
You closely miss Eustachio.
Eustachio is heavily wounded.
You feel sick.
You are no longer poisoned.
The bat barely misses you.
The shadow imp shouts, "Quit, thou vain ruttish death-token!"
Eustachio hits you with a +2 rapier of protection!
You die...

#..........#
#........).#
#..........#
#.....######
####.......#
#.#####.#####.
#.............
######b#######
#5@@#
#######.#######
#..............
#............##
#..$.........#
#............#
#............#
#...........[#
#............#


You could see Eustachio, a shadow imp (summoned) and a bat (summoned).

Vanquished Creatures
  Prince Ribbit (D:6)
  An ogre (D:6)
  A scorpion (D:5)
  6 gnolls (D:2)
  An adder (D:2)
  An adder skeleton (D:2)
  A worm (D:2)
  2 bat skeletons (D:2)
  3 bat zombies (D:2)
  9 endoplasms
  2 giant cockroaches
  2 goblins (D:1)
  7 hobgoblins
  5 quokkas (D:2)
  2 ball pythons (D:2)
  5 bats
  5 frilled lizards
  A giant cockroach zombie (D:2)
  7 kobolds
  A quokka skeleton (D:2)
  8 rats
71 creatures vanquished.

Vanquished Creatures (others)
  26 plants (D:2)
  4 toadstools (D:1)
  A withered plant (D:2)
31 creatures vanquished.

Grand Total: 102 creatures vanquished

Notes
Turn   | Place    | Note
-------+----------+-------------------------------------------
     0 | D:1      | lordive the Troll Warper began the quest for the Orb.
     0 | D:1      | Reached XP level 1. HP: 19/19 MP: 1/1
    93 | D:1      | Found a faded altar of an unknown god.
    99 | D:1      | Reached XP level 2. HP: 28/28 MP: 2/2
   528 | D:2      | Reached XP level 3. HP: 33/35 MP: 3/3
   872 | D:2      | Reached XP level 4. HP: 35/42 MP: 5/5
   877 | D:2      | Reached skill level 3 in Unarmed Combat
  1231 | D:2      | Reached XP level 5. HP: 44/49 MP: 6/6
  1484 | D:3      | You fall into a shaft and drop 3 floors!
  1484 | D:6      | Noticed Prince Ribbit
  1494 | D:6      | Noticed an ogre
  1497 | D:6      | Killed Prince Ribbit
  1498 | D:6      | Reached skill level 1 in Throwing
  1498 | D:6      | Reached skill level 4 in Unarmed Combat
  1498 | D:6      | Reached XP level 6. HP: 50/57 MP: 7/7
  1536 | D:5      | Entered Level 5 of the Dungeon
  1557 | D:5      | Noticed Eustachio
  1582 | D:5      | Slain by Eustachio

Illustrated notes

Levels and vault maps discovered:
D:1:      ldierk_walled_garden_2, layout_rooms,
          dreamdust_ecumenical_altar_statues
D:2:      wad_woods_tower, layout_basic, serial_undead, serial_undead_c,
          serial_undead_c, serial_undead_d, serial_undead_c, serial_undead_a
D:3:      layout_loops_ring, tgw_fedhas, serial_shops,
          nicolae_shop_hallway_stairs
D:5:      layout_basic, uniq_eustachio
D:6:      layout_cave_pools, yredelemnul_forgotten_temple_becter,
          mainiacjoe_overflow_alcove_2, nzn_hepliaklqana_mist_gate,
          minmay_temple_entry_antechambers, hangedman_decor_peaks_small,
          hangedman_decor_clover_reticule, minivault_23, uniq_prince_ribbit1

Skill      XL: |  1  2  3  4  5  6 |
---------------+-------------------+-----
Dodging        | 2 3 |  3.0
Fighting       | 2 |  2.4
Unarmed Combat | 3 4 |  4.8
Throwing       | 1 |  1.1
Translocations | 3 |  3.3
Stealth        | |  0.8
Spellcasting   | |  1.3

Action                   |  1- 3 |  4- 6 || total
-------------------------+-------+-------++-------
Melee: Unarmed           |   117 |    80 ||   197
       Punch             |     1 |       ||     1
Throw: Boomerang         |     1 |       ||     1
       Dart              |       |     5 ||     5
  Use: Potion            |       |     2 ||     2
 Stab: Sleeping          |     1 |     1 ||     2
Armor: Robe              |    35 |    34 ||    69
Dodge: Dodged            |    61 |    55 ||   116

Table legend: (Time is in decaauts)
 A = Elapsed time spent in this place.
 B = Non-inter-level travel time spent in this place.
 C = Inter-level travel time spent in this place.
 D = Time resting spent in this place.
 E = Time spent auto-exploring this place.
 F = Levels seen in this place.
 G = Mean time per level.
                   A        B        C        D        E       F      G
               +--------+--------+--------+--------+--------+-----+--------+
         Total |   1574 |   1542 |     32 |      7 |   1083 |   5 |  314.8 |
       Dungeon |   1574 |   1542 |     32 |      7 |   1083 |   5 |  314.8 |
               +--------+--------+--------+--------+--------+-----+--------+

Top non-repeatable levels by time:
     D:2: 910 daAuts
     D:1: 488 daAuts
     D:3: 82 daAuts
     D:6: 50 daAuts
     D:5: 42 daAuts
